 Dungeon Sprint DCSS version 0.30-a0-311-gf115ab0292 (webtiles) character file.

Game seed: 10160805924303436068

20821 rocky1 the Sensei (level 12, -5/181 HPs)
             Began as a Pale Draconian Transmuter on Oct 26, 2022.
             Was an Initiate of Gozag.
             Slain by an ettin
             ... wielding a +0 dire flail
              (13 damage)
             ... in the Dungeon (Sprint IX: "|||||||||||||||||||||||||||||").
             The game lasted 00:11:43 (2766 turns).

rocky1 the Sensei (Pale Draconian Transmuter)       Turns: 2766, Time: 00:11:43

Health: -5/181     AC:  8    Str: 12    XL:     12   Next: 48%
Magic:  0/27       EV: 16    Int: 13    God:    Gozag
Gold:   885        SH:  0    Dex: 18    Spells: 23/33 levels left

rFire   . . .      SeeInvis .      - Unarmed
rCold   + + +      Faith    .    (shield currently unavailable)
rNeg    . . .      Spirit   +    (body armour unavailable)
rPois   +          Reflect  .    (helmet currently unavailable)
rElec   .          Harm     .    (cloak currently unavailable)
rCorr   .          Rampage  .    (gloves currently unavailable)
Will    .....      NoTele   +    (boots currently unavailable)
Stlth   ..........               p - amulet of guardian spirit
HPRegen 0.50/turn                I - +4 ring of slaying
MPRegen 0.20/turn                E - ring of protection from fire

@: mighty, brilliant, berserking (expiring), ice-form (expiring), gold aura,
very quick
A: freezing attack, amphibious, boosted hp, (breathe steam), AC +8, large,
unfitting armour, (cold-blooded), (steam resistance)
a: End Transformation, Renounce Religion, Potion Petition, Call Merchant, Bribe
Branch


You were in the Dungeon.
You worshipped Gozag.
Gozag was pleased with you.
You were a creature of crystalline ice.
You visited 1 branch You collected 8605 gold pieces.
You spent 3665 gold pieces at shops.
You paid 4055 gold pieces to Gozag.

Inventory:

Missiles
 B - a throwing net
 C - 6 javelins
Armour
 j - a +0 cloak (melded)
 y - a +0 pair of gloves (melded)
 z - a +0 pair of boots (melded)
Jewellery
 k - a +2 ring of evasion
 l - a +3 ring of strength
 p - an amulet of guardian spirit (around neck)
 D - a ring of protection from cold
 E - a ring of protection from fire (right front paw)
 F - a ring of see invisible
 G - a ring of poison resistance
 H - the ring "Risov" {rC+ rN+ Stlth+}
   (You bought it in a shop in the Dungeon)

   [ring of protection from cold]

   rC:        It protects you from cold.
   rN:        It protects you from negative energy.
   Stlth:     It makes you more stealthy.
 I - a +4 ring of slaying (left front paw)
 J - a ring of protection from fire
 K - a +6 ring of intelligence
Wands
 a - a wand of roots (4)
 i - a wand of quicksilver (14)
 v - a wand of flame (4)
 A - a wand of polymorph (6)
Scrolls
 g - 3 scrolls of blinking
 h - 2 scrolls of amnesia
 q - 4 scrolls of fear
 r - 3 scrolls of enchant weapon
 s - a scroll of fog
 t - 3 scrolls of identify
 u - a scroll of poison {unknown}
 w - 5 scrolls of enchant armour
Potions
 b - 8 potions of curing
 d - 2 potions of haste
 e - 4 potions of magic
 m - 3 potions of berserk rage
 n - a potion of flight
 o - 4 potions of mutation
 x - a potion of attraction


   Skills:
 + Level 7.6 Fighting
 + Level 11.5 Dodging
 - Level 2.0 Stealth
 + Level 23.0 Unarmed Combat
 + Level 11.1 Spellcasting
 + Level 12.3 Transmutations
 + Level 5.2 Ice Magic
 + Level 3.2 Poison Magic
 + Level 4.9 Evocations


You had 23 spell levels left.
You knew the following spells:

 Your Spells              Type           Power      Damage    Failure   Level
a - Beastly Appendage     Tmut           100%       N/A       1%          1
b - Wereblood             Tmut           56%        N/A       1%          2
c - Spider Form           Tmut/Pois      41%        N/A       1%          3
d - Ice Form              Ice/Tmut       45%        N/A       2%          4

Your spell library contained the following spells:

 Spells                   Type           Power      Damage    Failure   Level


Dungeon Overview and Level Annotations

Branches:
Dungeon (1/1)

Altars:
Cheibriados
Dithmenos
Elyvilon
Fedhas
Gozag
Hepliaklqana
Kikubaaqudgha
Makhleb
Nemelex Xobeh
Okawaru
Qazlal
Ru
Sif Muna
Trog
Uskayaw
Vehumet
Wu Jian
Xom
Yredelemnul
Zin
The Shining One
Jiyva
Lugonu

Shops:
D *=?==*?=


Innate Abilities, Weirdness & Mutations

You are a creature of crystalline ice.
You have a powerful freezing melee attack.
You are amphibious.
Your maximum health is increased.
Your armour is entirely melded.
You are incapable of wielding weapons or throwing items.
((You can breathe blasts of scalding, opaque steam.))
((Your pale cyan-grey scales are hard. (AC +8)))
You cannot fit into any form of body armour.
((You are cold-blooded and may be slowed by cold attacks.))
((You are immune to the effects of steam.))


Message History

Your Spellcasting skill increases to level 11!
The vampire knight is distracted by your dazzling golden aura.
The deep troll shaman closely misses you.
The deep troll shaman misses you.
The deep troll shaman completely misses you.
Items here: $ ( ) [.
You pulverise the deep troll shaman!!!
You freeze the deep troll shaman!
The deep troll shaman is almost dead.
The green ugly thing is distracted by your dazzling golden aura.
The green ugly thing gurgles horribly!
You pummel the deep troll shaman!! You freeze the deep troll shaman.
You kill the deep troll shaman!
You see here 144 gold pieces.
You pummel the tengu warrior like a punching bag!!!
You freeze the tengu warrior.
The tengu warrior is no longer distracted by gold.
The tengu warrior is severely wounded.
You punch the tengu warrior! You freeze the tengu warrior.
The tengu warrior is almost dead.
The vampire knight is no longer distracted by gold.
The ettin is distracted by your dazzling golden aura.
The vampire knight points at you and mumbles some strange words.
The vampire knight blinks!
The tengu warrior hits you with a +2 war axe of electrocution!
* * * LOW HITPOINT WARNING * * *
You are electrocuted!!
* * * LOW HITPOINT WARNING * * *
The tengu warrior pecks you but does no damage.
The tengu warrior claws you.
* * * LOW HITPOINT WARNING * * *
The ettin shouts in stereo!
You pummel the tengu warrior!! You freeze the tengu warrior.
You kill the tengu warrior!
Your Unarmed Combat skill increases to level 23!
Unknown command.
The green ugly thing is no longer distracted by gold.
The ettin is no longer distracted by gold.
The ettin hits you with a +0 dire flail!
You die...
Your body crumbles into a pile of gold.

...'....[[..'.)..........'.......
▓▓▓▓▓▓▓▓▓▓▓▓▓▓▓▓▓▓▓▓▓▓▓▓▓▓▓▓▓▓▓▓▓
..........)...........)..........
▓▓▓▓▓▓▓▓▓▓▓▓▓▓▓▓▓▓▓▓▓▓▓▓▓▓▓▓▓▓▓▓▓
........'.....∩.∩)∩)∩)))).)..))).
▓▓▓▓▓▓▓▓▓▓▓▓▓▓▓▓▓▓▓▓▓▓▓▓▓▓▓▓▓▓▓▓▓
...............................).
▓▓▓▓▓▓▓▓▓▓▓▓▓▓▓▓▓▓▓▓▓▓▓▓▓▓▓▓▓▓▓▓▓
...u§.CY$$.V$$$$........
▓▓▓▓▓▓▓▓▓▓▓▓▓▓▓▓▓▓▓▓▓▓▓▓


You could see a vampire knight, a green ugly thing and an ettin.

Vanquished Creatures
  A very ugly thing (D)
  A dire elephant (D)
  2 hydras (D)
  Harold (D)
  A centaur warrior (D)
  A boulder beetle (D)
  A deep troll shaman (D)
  A spriggan berserker (D)
  2 tengu warriors (D)
  An orc high priest (D)
  Urug (D)
  A skeletal warrior (D)
  4 orc knights (D)
  A deep elf pyromancer (D)
  4 cyclopes (D)
  7 elephants (D)
  4 cane toads (D)
  2 unseen horrors (D)
  A rime drake (D)
  Psyche (D)
  3 komodo dragons (D)
  A dream sheep (D)
  2 slime creatures (D)
  2 blink frogs (D)
  2 yaks (D)
  Grum (D)
  A basilisk (D)
  2 water moccasins (D)
  11 orc warriors (D)
  2 black bears (D)
  3 wolves (D)
  2 centaurs (D)
  A necrophage (D)
  A howler monkey (D)
  An orc priest (D)
  5 orc wizards (D)
  An adder (D)
  2 dart slugs (D)
  19 orcs (D)
  2 hobgoblins (D)
  A quokka (D)
  A rat (D)
104 creatures vanquished.

Notes
Turn   | Place    | Note
-------+----------+-------------------------------------------
     0 | D        | rocky1 the Draconian Transmuter began the quest for the
                  | Orb.
     0 | D        | Reached XP level 1. HP: 16/16 MP: 3/3
    16 | D        | Reached skill level 4 in Unarmed Combat
    24 | D        | Reached XP level 2. HP: 22/23 MP: 2/5
    55 | D        | Noticed a necrophage
    55 | D        | Noticed a black bear
    61 | D        | Killed a black bear
    62 | D        | Reached skill level 7 in Unarmed Combat
    62 | D        | Reached XP level 3. HP: 28/28 MP: 5/8
    62 | D        | Reached XP level 4. HP: 35/35 MP: 5/9
    66 | D        | Killed a necrophage
    67 | D        | Reached skill level 8 in Unarmed Combat
    67 | D        | Reached XP level 5. HP: 38/40 MP: 5/11
   123 | D        | Found a snail-covered altar of Cheibriados.
   123 | D        | Found a shadowy altar of Dithmenos.
   123 | D        | Found a white marble altar of Elyvilon.
   123 | D        | Found a blossoming altar of Fedhas.
   123 | D        | Found an opulent altar of Gozag.
   124 | D        | Found a hazy altar of Hepliaklqana.
   125 | D        | Found a viscous altar of Jiyva.
   126 | D        | Found an ancient bone altar of Kikubaaqudgha.
   127 | D        | Found a corrupted altar of Lugonu.
   128 | D        | Found a burning altar of Makhleb.
   129 | D        | Found a sparkling altar of Nemelex Xobeh.
   130 | D        | Found an iron altar of Okawaru.
   131 | D        | Became a worshipper of Gozag Ym Sagoz the Greedy
   132 | D        | Found a stormy altar of Qazlal.
   133 | D        | Found a sacrificial altar of Ru.
   134 | D        | Found a shimmering blue altar of Sif Muna.
   135 | D        | Found a bloodstained altar of Trog.
   136 | D        | Found a hide-covered altar of Uskayaw.
   137 | D        | Found a radiant altar of Vehumet.
   138 | D        | Found an ornate altar of the Wu Jian Council.
   139 | D        | Found a shimmering altar of Xom.
   140 | D        | Found a basalt altar of Yredelemnul.
   141 | D        | Found a glowing silver altar of Zin.
   142 | D        | Found a glowing golden altar of the Shining One.
   177 | D        | Learned a level 2 spell: Wereblood
   181 | D        | Learned a level 3 spell: Spider Form
   186 | D        | Learned a level 4 spell: Ice Form
   188 | D        | Noticed a centaur
   188 | D        | Noticed a centaur
   188 | D        | Noticed a yak
   193 | D        | Killed a yak
   194 | D        | Reached skill level 10 in Unarmed Combat
   194 | D        | Reached skill level 5 in Spellcasting
   194 | D        | Reached skill level 5 in Transmutations
   194 | D        | Reached XP level 6. HP: 29/47 MP: 6/13
   199 | D        | Killed an unseen horror
   200 | D        | Reached skill level 5 in Dodging
   200 | D        | Reached skill level 11 in Unarmed Combat
   200 | D        | Reached skill level 1 in Poison Magic
   200 | D        | Your scales start taking on a pale cyan-grey colour.
   200 | D        | Reached XP level 7. HP: 18/52 MP: 7/15
   200 | D        | Gained mutation: You are immune to the effects of steam.
                  | [Pale Draconian growth]
   207 | D        | Reached skill level 12 in Unarmed Combat
   337 | D        | Killed an unseen horror
   338 | D        | Reached skill level 13 in Unarmed Combat
   338 | D        | Reached XP level 8. HP: 55/59 MP: 17/17
   353 | D        | Noticed a skeletal warrior
   353 | D        | Noticed a boulder beetle
   353 | D        | Noticed a slime creature
   353 | D        | Noticed a cyclops
   353 | D        | Noticed a cyclops
   358 | D        | Killed a cyclops
   359 | D        | Reached skill level 14 in Unarmed Combat
   362 | D        | Killed a cyclops
   366 | D        | Killed a slime creature
   367 | D        | Reached XP level 9. HP: 36/67 MP: 13/19
   378 | D        | Killed a skeletal warrior
   379 | D        | Reached skill level 15 in Unarmed Combat
   379 | D        | Reached skill level 1 in Ice Magic
   666 | D        | Killed a boulder beetle
   667 | D        | Reached skill level 16 in Unarmed Combat
   799 | D        | Bought a potion of curing for 84 gold pieces
   799 | D        | Bought a blackened fluorescent wand for 112 gold pieces
   799 | D        | Bought a potion of haste for 280 gold pieces
   924 | D        | Noticed a komodo dragon
   924 | D        | Noticed a komodo dragon
   924 | D        | Noticed a cane toad
   924 | D        | Noticed a cane toad
   924 | D        | Noticed a cane toad
   929 | D        | Killed a cane toad
   929 | D        | Noticed a cane toad
   931 | D        | Killed a cane toad
   931 | D        | Noticed a rime drake
   932 | D        | Reached skill level 17 in Unarmed Combat
   932 | D        | Reached XP level 10. HP: 78/78 MP: 13/22
   934 | D        | Killed a cane toad
   946 | D        | Killed a cane toad
   949 | D        | Reached skill level 18 in Unarmed Combat
  1023 | D        | Reached skill level 1 in Stealth
  1032 | D        | Noticed an eight-headed hydra
  1038 | D        | Reached skill level 10 in Transmutations
  1048 | D        | Killed an eight-headed hydra
  1049 | D        | Reached skill level 5 in Fighting
  1053 | D        | Reached skill level 19 in Unarmed Combat
  1192 | D        | Bought a scroll labelled BUZISA JIEMI for 30 gold pieces
  1192 | D        | Bought a worn wooden wand for 120 gold pieces
  1192 | D        | Bought a scroll labelled VASU HUIGIPAERCHA for 30 gold
                  | pieces
  1192 | D        | Bought a scroll of enchant weapon for 225 gold pieces
  1192 | D        | Bought a cabochon ring for 150 gold pieces
  1204 | D        | Noticed an elephant
  1204 | D        | Noticed an elephant
  1204 | D        | Noticed an elephant
  1204 | D        | Noticed a dire elephant
  1204 | D        | Noticed an elephant
  1204 | D        | Noticed an elephant
  1205 | D        | Noticed an elephant
  1208 | D        | Killed an elephant
  1209 | D        | Reached skill level 1 in Evocations
  1210 | D        | Killed an elephant
  1211 | D        | Reached XP level 11. HP: 88/88 MP: 15/24
  1217 | D        | Killed a dire elephant
  1227 | D        | Reached skill level 10 in Dodging
  1652 | D        | Noticed Harold
  1682 | D        | Killed Harold
  1683 | D        | Reached skill level 20 in Unarmed Combat
  1845 | D        | Noticed Urug
  1855 | D        | Killed Urug
  1944 | D        | Noticed Grum
  1953 | D        | Killed Grum
  2196 | D        | Found Kel Dan's Jewellery Boutique.
  2202 | D        | Found Efuiwoes's Jewellery Shop.
  2203 | D        | Noticed an orc high priest
  2209 | D        | Noticed an orc knight
  2210 | D        | Found Diro's Magic Scroll Boutique.
  2215 | D        | Killed an orc high priest
  2216 | D        | Reached skill level 21 in Unarmed Combat
  2216 | D        | Found Jimnux's Jewellery Shop.
  2218 | D        | Noticed an orc knight
  2221 | D        | Killed an orc knight
  2222 | D        | Noticed an orc knight
  2230 | D        | Killed an orc knight
  2233 | D        | Killed an orc knight
  2234 | D        | Reached skill level 10 in Spellcasting
  2272 | D        | Bought a ring of protection from cold for 350 gold pieces
  2272 | D        | Bought a ring of protection from fire for 350 gold pieces
  2342 | D        | Bought a ring of see invisible for 165 gold pieces
  2346 | D        | Bought a ring of poison resistance for 200 gold pieces
  2391 | D        | Noticed Psyche
  2399 | D        | Killed Psyche
  2443 | D        | Bought the ring "Risov" {rC+ rN+ Stlth+} for 468 gold
                  | pieces
  2443 | D        | Bought a +4 ring of slaying for 936 gold pieces
  2555 | D        | Bought 2 scrolls of enchant armour for 165 gold pieces
  2707 | D        | Noticed an orc knight
  2707 | D        | Noticed a tengu warrior
  2707 | D        | Noticed a deep elf pyromancer
  2707 | D        | Noticed a centaur warrior
  2707 | D        | Noticed an eight-headed hydra
  2711 | D        | Killed an eight-headed hydra
  2712 | D        | Reached XP level 12. HP: 39/97 MP: 6/26
  2718 | D        | Killed a centaur warrior
  2721 | D        | Killed a tengu warrior
  2722 | D        | Reached skill level 22 in Unarmed Combat
  2729 | D        | Noticed a red very ugly thing
  2735 | D        | Noticed a deep troll shaman
  2738 | D        | Noticed a tengu warrior
  2741 | D        | Noticed an ettin
  2743 | D        | Noticed a vampire knight
  2746 | D        | Reached skill level 5 in Ice Magic
  2750 | D        | Killed a red very ugly thing
  2756 | D        | HP: 6/120 [spriggan berserker/+0 rapier (14)]
  2761 | D        | Killed a deep troll shaman
  2764 | D        | HP: 8/180 [tengu warrior/+2 war axe of electrocution (2)]
  2765 | D        | Killed a tengu warrior
  2766 | D        | Reached skill level 23 in Unarmed Combat
  2766 | D        | Slain by an ettin

Illustrated notes

Levels and vault maps discovered:
D:        linesprint [early_d, line_temple, items_1, d_10, items_2, lair_1,
          lair_end, items_3, orc_1, orc_end, items_4, d_15, swamp_1, shoals_1,
          snake_1, spider_1, d_20, vaults_1, items_5, swamp_end, shoals_end,
          snake_end, spider_end, vaults_end, d_27, items_6, zot_1, zot_end,
          crypt_end, forest_end, elf_end, slime_end, tomb_end, abyss_end,
          pan_hell_end]

Skill      XL: |  1  2  3  4  5  6  7  8  9 10 11 12 |
---------------+-------------------------------------+-----
Dodging        | 2 3 4 5 6 7 8 9 11 | 11.5
Unarmed Combat | 4 7 8 10 11 13 14 17 19 21 23 | 23.0
Spellcasting   | 3 4 5 6 7 8 9 10 11 | 11.1
Transmutations | 4 5 6 7 8 9 10 11 12 | 12.3
Poison Magic   | 1 2 3 |  3.2
Fighting       | 2 3 5 6 7 |  7.6
Ice Magic      | 2 3 4 5 |  5.2
Stealth        | 1 2 |  2.0
Evocations     | 2 4 |  4.9

Action                   |  1- 3 |  4- 6 |  7- 9 | 10-12 || total
-------------------------+-------+-------+-------+-------++-------
Melee: Unarmed           |    23 |    18 |    48 |   205 ||   294
       Kick              |     7 |     2 |       |       ||     9
       Tailslap          |     3 |       |     1 |     2 ||     6
       Headbutt          |     2 |     1 |       |       ||     3
       Punch             |       |       |     1 |       ||     1
 Cast: Beastly Appendage |     2 |       |       |       ||     2
       Wereblood         |       |     1 |     2 |     6 ||     9
       Spider Form       |       |     1 |     1 |     1 ||     3
       Ice Form          |       |       |     2 |    10 ||    12
Invok: Call Merchant     |       |       |     1 |     3 ||     4
       Potion Petition   |       |       |       |     2 ||     2
 Abil: Breathe Steam     |       |       |     1 |     3 ||     4
  Use: Potion            |     1 |       |     3 |     6 ||    10
 Stab: Confused          |       |       |       |     3 ||     3
       Distracted        |       |       |       |     1 ||     1
       Sleeping          |       |       |       |     1 ||     1
       Invisible         |       |       |       |     5 ||     5
Armor: Skin              |     5 |       |    12 |    20 ||    37
Dodge: Dodged            |    12 |     9 |    28 |   115 ||   164

Table legend: (Time is in decaauts)
 A = Elapsed time spent in this place.
 B = Non-inter-level travel time spent in this place.
 C = Inter-level travel time spent in this place.
 D = Time resting spent in this place.
 E = Time spent auto-exploring this place.
 F = Levels seen in this place.
 G = Mean time per level.
                   A        B        C        D        E       F      G
               +--------+--------+--------+--------+--------+-----+--------+
         Total |   2674 |   2674 |      0 |   1501 |     60 |   1 | 2674.0 |
       Dungeon |   2674 |   2674 |      0 |   1501 |     60 |   1 | 2674.0 |
               +--------+--------+--------+--------+--------+-----+--------+

Top non-repeatable levels by time:
       D: 2674 daAuts
